 Dungeon Crawl Stone Soup version 0.23.2-40-g277498a001 (webtiles) character file.

Game seed: 13668217803766930302

6232 Amplified the Cleaver (level 10, 0/97 HPs)
             Began as a Hill Orc Monk on Aug 18, 2019.
             Was a Priest of the Shining One.
             Slain by a wraith (6 damage)
             ... led by Josephine
             ... on level 11 of the Dungeon.
             The game lasted 00:16:07 (7974 turns).

Amplified the Cleaver (Hill Orc Monk)               Turns: 7974, Time: 00:16:08

Health: 0/97       AC:  9    Str: 15    XL:     10   Next: 92%
Magic:  15/15      EV: 14    Int: 13    God:    the Shining One [***...]
Gold:   372        SH: 11    Dex: 13    Spells: 9/9 levels left

rFire    + . .     SeeInvis .   z - +0 battleaxe (freeze)
rCold    + + +     Gourm    .   (shield currently unavailable)
rNeg     + + .     Faith    .   u - +0 leather armour {rC+}
rPois    +         Spirit   .   (no helmet)
rElec    +         Reflect  +   n - +2 cloak of Dithmenos's Reproof {rC+}
rCorr    +         Harm     .   (no gloves)
MR       .....                  f - +2 pair of boots
Stlth    +.........             m - +3 amulet of reflection
HPRegen  0.26/turn              l - ring of flight
MPRegen  0.14/turn              q - ring of positive energy

@: divine shield, resistant, slowed, glowing, very slow
A: no striking features
a: Divine Shield, Renounce Religion, Convert to Beogh, Evoke Flight


You were on level 11 of the Dungeon.
You worshipped the Shining One.
The Shining One was most pleased with you.
You were near starving.

You visited 2 branches of the dungeon, and saw 12 of its levels.

You collected 372 gold pieces.

Inventory:

Hand Weapons
 a - a +0 hand axe
 z - a +0 battleaxe of freezing (weapon)
Missiles
 o - 2 silver javelins (quivered)
 p - 66 poisoned needles
 s - a throwing net
Armour
 b - a +0 robe
 e - a +0 ring mail
 f - a +2 pair of boots (worn)
 n - the +2 cloak of Dithmenos's Reproof (worn) {rC+}
   (You found it on level 4 of the Dungeon)

   It protects you from cold.
 u - a +0 leather armour of cold resistance (worn)
Jewellery
 l - a ring of flight (left hand)
 m - a +3 amulet of reflection (around neck)
 q - a ring of positive energy (right hand)
Wands
 r - a wand of acid (2)
 t - a wand of flame (39)
 x - a wand of polymorph (5)
Scrolls
 h - 4 scrolls of identify
 i - 3 scrolls of magic mapping
 y - 3 scrolls of enchant armour
Potions
 d - a potion of ambrosia
 j - a potion of curing
Comestibles
 c - 21 rations


   Skills:
 * Level 11.9 Fighting
 * Level 12.8 Axes
 - Level 4.2 Armour
 - Level 4.6 Dodging
 - Level 1.5 Stealth
 * Level 7.3 Invocations


You had 9 spell levels left.
You didn't know any spells.
Your spell library contained the following spells:

 Spells                   Type           Power        Failure   Level  Hunger
 Beastly Appendage        Tmut           #.....       36%         1    ##.....
 Magic Dart               Conj           #...         36%         1    ##.....
 Searing Ray              Conj           #.....       50%         2    ###....
 Sticks to Snakes         Tmut           #.......     50%         2    ###....
 Dazzling Spray           Conj/Hex       #.....       75%         3    ####...
 Spider Form              Tmut/Pois      #.........   75%         3    ####...
 Force Lance              Conj/Tloc      #.......     98%         4    #####..
 Fulminant Prism          Conj/Hex       #.........   98%         4    #####..
 Ice Form                 Ice/Tmut       #.......     98%         4    #####..
 Iskenderun's Mystic Bla  Conj           #.......     98%         4    #####..
 Blade Hands              Tmut           #.........   100%        5    ######.


Dungeon Overview and Level Annotations

Branches:
Dungeon (11/15)            Temple (1/1) D:7            Lair (0/6) D:11
    Orc: D:9-12

Altars:
Ashenzari
Cheibriados
Dithmenos
Elyvilon
Fedhas
Gozag
Hepliaklqana
Makhleb
Nemelex Xobeh
Okawaru
Qazlal
Ru
Sif Muna
Trog
Uskayaw
Vehumet
Wu Jian
Xom
Yredelemnul
Zin
The Shining One

Shops:
D:4 %

Annotations:
D:3 2 transporters
D:8 1 runed translucent door
D:11 Josephine


Message History

You barely miss the orc priest.
The orc priest is almost dead.
The komodo dragon hisses angrily.
You hit the wraith but do no damage.
You hit the orc warrior but do no damage.
The orc priest shouts, "Beogh is our master!
Accept the truth or die!"
You slash the ice beast!
The orc priest threatens, "By the altar or by the axe, you will meet Beogh!"
You hit Josephine. You freeze Josephine.
The orc priest shouts, "Surrender to Beogh and we'll let you live!"
You block Josephine's attack. The orc priest hits you with a +0 club.
* * * LOW HITPOINT WARNING * * *
The orc priest invokes the aid of Beogh against you.
Beogh smites you!
* * * LOW HITPOINT WARNING * * *
The orc priest calls upon Beogh to heal the orc wizard.
The orc wizard is healed somewhat.
The orc priest calls upon Beogh to heal the orc priest.
The orc priest is healed somewhat.
The wraith hits you.
You die...

########### ##(........#
##...........
##............
##.............
##..............
##o.)............ ########
##Wlo.............
#...oo.#
##@oWo.............
#..h###.#
##o@Yo.............. #....
#.###HuooW..............
#...o.
#..Yo.YY................
#..P.Y
###.....................
#.....H
#Y.Z...................
#......
...Y.....................
.....>....l...............
......
...................! .....


You could see Josephine, a green ugly thing, a komodo dragon, a hippogriff, 4
yaks, a hungry ghost, 2 wraiths, an orc warrior, an ice beast, a sky beast
(invisible), 4 orc priests, 2 orc wizards, 2 orcs, a hornet zombie and a leopard
gecko.

Vanquished Creatures
  Joseph (D:8)
  Grinder (D:3)
  Prince Ribbit (D:5)
  2 slime creatures (D:10)
  A hippogriff (D:9)
  5 yaks (D:8)
  A wraith (D:10)
  A fire bat (D:6)
  4 wargs
  Duvessa (D:5)
  A water moccasin (D:10)
  Purgy (D:3)
  An orc warrior (D:6)
  2 ice beasts (D:5)
  3 sky beasts (D:7)
  2 black bears
  4 phantoms
  5 centaurs
  7 bullfrogs
  Dowan (D:5)
  2 scorpions
  A killer bee (D:9)
  4 wights (D:9)
  A howler monkey (D:4)
  A bullfrog zombie (D:7)
  3 hounds
  A centaur skeleton (D:5)
  3 orc priests
  4 orc wizards
  Ijyb (D:5)
  3 iguanas
  4 worker ants
  A hound zombie (D:6)
  A howler monkey skeleton (D:6)
  A river rat (D:5)
  10 adders
  A shadow imp (D:5)
  An ooze (D:2)
  An adder zombie (D:5)
  4 adder skeletons
  3 worms
  2 dart slugs (D:1)
  4 leopard geckos
  37 orcs
  4 bats
  4 giant cockroaches
  8 goblins
  6 hobgoblins
  9 jackals
  6 quokkas
  A ball python (D:4)
  6 frilled lizards
  4 kobolds
  2 quokka skeletons
  A quokka zombie (D:5)
  4 rats
194 creatures vanquished.

Vanquished Creatures (others)
  A centaur (D:11)
1 creature vanquished.

Grand Total: 195 creatures vanquished

Notes
Turn   | Place    | Note
-------+----------+-------------------------------------------
     0 | D:1      | Amplified the Hill Orc Monk began the quest for the Orb.
     0 | D:1      | Reached XP level 1. HP: 19/19 MP: 1/1
   323 | D:1      | Reached XP level 2. HP: 27/27 MP: 2/2
   326 | D:1      | Reached skill level 1 in Armour
   436 | D:1      | You fall through a shaft!
   436 | D:2      | Found a hide-covered altar of Uskayaw.
   921 | D:2      | Reached XP level 3. HP: 29/33 MP: 3/3
  1395 | D:2      | Found a shimmering altar of Xom.
  1580 | D:3      | Reached XP level 4. HP: 24/41 MP: 4/4
  1582 | D:3      | Reached skill level 5 in Axes
  1899 | D:3      | Found a transporter.
  1921 | D:3      | Found a transporter.
  2173 | D:3      | Noticed Grinder
  2175 | D:3      | Paralysed by Grinder for 6 turns
  2185 | D:3      | Paralysed by Grinder for 7 turns
  2212 | D:3      | Killed Grinder
  2212 | D:3      | Reached skill level 5 in Fighting
  2212 | D:3      | Reached skill level 6 in Axes
  2212 | D:3      | Reached XP level 5. HP: 42/49 MP: 5/5
  2212 | D:3      | Reached XP level 6. HP: 49/56 MP: 6/6
  2231 | D:3      | Noticed Purgy
  2262 | D:3      | Killed Purgy
  2448 | D:3      | Found a bloodstained altar of Trog.
  2570 | D:4      | Found Haberoiss's Food Emporium.
  2581 | D:4      | Reached XP level 7. HP: 55/63 MP: 7/7
  2687 | D:4      | Got a steaming cloak
  2693 | D:4      | Identified the +2 cloak of Dithmenos's Reproof {rC+} (You
                  | found it on level 4 of the Dungeon)
  2758 | D:4      | Reached skill level 7 in Axes
  2798 | D:4      | Found an iron altar of Okawaru.
  2870 | D:4      | Found a sparkling altar of Nemelex Xobeh.
  2870 | D:4      | Found a white marble altar of Elyvilon.
  2870 | D:4      | Found an opulent altar of Gozag.
  3362 | D:5      | Entered Level 5 of the Dungeon
  3362 | D:5      | Noticed Duvessa
  3362 | D:5      | Noticed Dowan
  3375 | D:5      | Killed Duvessa
  3376 | D:5      | Killed Dowan
  3394 | D:5      | Noticed Ijyb
  3432 | D:5      | Killed Ijyb
  3641 | D:5      | Reached skill level 8 in Axes
  3641 | D:5      | Reached XP level 8. HP: 64/73 MP: 8/8
  4000 | D:5      | Found a blossoming altar of Fedhas.
  4055 | D:5      | Noticed Prince Ribbit
  4076 | D:5      | Killed Prince Ribbit
  4133 | D:5      | Reached skill level 9 in Axes
  4189 | D:5      | Found an ornate altar of the Wu Jian Council.
  4189 | D:5      | Found a radiant altar of Vehumet.
  4190 | D:5      | Found a glowing silver altar of Zin.
  4617 | D:6      | Reached XP level 9. HP: 33/83 MP: 9/9
  4626 | D:6      | Reached skill level 10 in Axes
  5351 | D:7      | Found a basalt altar of Yredelemnul.
  5566 | D:7      | Reached skill level 10 in Fighting
  5684 | D:7      | Found a staircase to the Ecumenical Temple.
  5705 | D:7      | Reached skill level 11 in Axes
  5724 | Temple   | Entered the Ecumenical Temple
  5964 | Temple   | Became a worshipper of the Shining One
  5964 | Temple   | Reached * piety under the Shining One
  5964 | Temple   | Reached ** piety under the Shining One
  6220 | D:7      | Reached skill level 1 in Invocations
  6779 | D:8      | Reached XP level 10. HP: 80/94 MP: 8/12
  6856 | D:8      | Noticed Joseph
  6866 | D:8      | Killed Joseph
  6998 | D:8      | Reached skill level 12 in Axes
  6998 | D:8      | Reached skill level 5 in Invocations
  7025 | D:8      | Noticed a five-headed hydra
  7026 | D:8      | Found a runed translucent door.
  7248 | D:9      | Found a radiant altar of Vehumet.
  7404 | D:10     | Entered Level 10 of the Dungeon
  7726 | D:10     | Found a shadowy altar of Dithmenos.
  7861 | D:9      | Reached *** piety under the Shining One
  7926 | D:11     | Found a staircase to the Lair.
  7943 | D:11     | Noticed Josephine
  7968 | D:11     | Noticed a green ugly thing
  7974 | D:11     | Slain by a wraith

Skill      XL: |  1  2  3  4  5  6  7  8  9 10 |
---------------+-------------------------------+-----
Armour         | 1 2 3 4 |  4.2
Fighting       | 4 5 6 7 9 10 11 | 11.9
Axes           | 6 8 9 11 12 | 12.8
Dodging        | 3 4 |  4.6
Invocations    | 3 7 |  7.3
Stealth        | |  1.5

Action                   |  1- 3 |  4- 6 |  7- 9 | 10-12 || total
-------------------------+-------+-------+-------+-------++-------
Melee: Hand axe          |   159 |   103 |   502 |    79 ||   843
       Battleaxe         |       |       |       |    98 ||    98
Throw: Javelin           |       |     4 |     5 |     3 ||    12
       Throwing net      |       |       |     1 |     1 ||     2
Invok: Divine Shield     |       |       |     1 |     3 ||     4
Evoke: Wand              |       |       |    11 |     9 ||    20
  Use: Scroll            |     9 |     2 |     7 |     4 ||    22
       Potion            |     2 |     4 |     2 |    11 ||    19
 Stab: Sleeping          |     1 |     1 |     4 |       ||     6
       Petrifying        |       |       |     1 |       ||     1
  Eat: Chunk             |     2 |     3 |     7 |     4 ||    16
       Ration            |       |       |     2 |       ||     2
Armor: Robe              |     2 |       |       |       ||     2
       Ring mail         |    68 |    36 |    51 |       ||   155
       Leather armour    |       |       |    91 |    43 ||   134
       Skin              |       |       |       |     3 ||     3
Dodge: Dodged            |    88 |    59 |   257 |    92 ||   496
Block: Other             |     5 |    17 |    39 |    62 ||   123
       Reflection        |       |       |     2 |     6 ||     8
